 Dungeon Crawl Stone Soup version 0.28.0-53-g5a82cb258f (webtiles) character file.

Game seed: 4710146495220045544

794 Ijustatesigmund the Stinger (level 7, -7/43 HPs)
             Began as an Octopode Venom Mage on July 15, 2022.
             Was a Follower of Cheibriados.
             Mangled by an iguana (13 damage)
             ... on level 5 of the Dungeon.
             The game lasted 00:14:52 (6385 turns).

Ijustatesigmund the Stinger (Octopode Venom Mage)   Turns: 6385, Time: 00:14:52

Health: -7/43      AC:  2    Str:  9    XL:     7   Next: 89%
Magic:  17/20      EV: 20    Int: 21    God:    Cheibriados [*.....]
Gold:   106        SH:  0    Dex: 20    Spells: 3/12 levels left

rFire   . . .      SeeInvis .   (weapon currently unavailable)
rCold   . . .      Faith    .   (shield currently unavailable)
rNeg    . . .      Spirit   .   (helmet currently unavailable)
rPois   x          Reflect  .   i - amulet of magic regeneration
rElec   .          Harm     .   c - ring of magical power
rCorr   +          Rampage  .   d - ring of resist corrosion
Will    .....                   (no ring)
Stlth   +++.......              (no ring)
HPRegen 0.14/turn               (no ring)
MPRegen 0.57/turn               (no ring)
                                (no ring)
                                (no ring)

@: spider-form, very slightly contaminated, very slow
A: venomous fangs, almost no armour, (amphibious), 8 rings, tiny, (camouflage
1), (gelatinous body 1), (nimble swimmer 1), (tentacles)
a: End Transformation, Renounce Religion, Bend Time


You were on level 5 of the Dungeon.
You worshipped Cheibriados.
Cheibriados was aware of your devotion.
You were a venomous arachnid creature.
You visited 2 branches of the dungeon, and saw 6 of its levels.

You collected 106 gold pieces.

Inventory:

Hand Weapons
 a - a +2 dagger of venom (melded)
 g - a +0 flail of protection
Jewellery
 c - a ring of magical power (left front leg)
 d - a ring of resist corrosion (right front leg)
 i - an amulet of magic regeneration (around neck)
Wands
 k - a wand of paralysis (5)
Scrolls
 f - a scroll of teleportation
Potions
 b - a potion of cancellation
 e - a potion of flight
 h - 3 potions of brilliance
 j - 3 potions of heal wounds {unknown}
 l - a potion of curing {unknown}


   Skills:
 - Level 1.4 Fighting
 - Level 3.0 Dodging
 + Level 5.3 Stealth
 - Level 3.1 Spellcasting
 - Level 2.0 Conjurations
 - Level 3.1 Transmutations
 - Level 2.5 Air Magic
 - Level 5.3 Poison Magic
 + Level 3.3 Invocations


You had 3 spell levels left.
You knew the following spells:

 Your Spells              Type           Power      Damage    Failure   Level
a - Sting                 Tmut/Pois      84%        1d7       9%          1
b - Poisonous Vapours     Pois/Air       38%        N/A       12%         2
c - Mephitic Cloud        Conj/Pois/Air  17%        N/A       24%         3
d - Spider Form           Tmut/Pois      21%        N/A       19%         3

Your spell library contained the following spells:

 Spells                   Type           Power      Damage    Failure   Level
 Freeze                   Ice            12%        1d4       30%         1
 Pain                     Necr           12%        1d4       30%         1
 Ensorcelled Hibernation  Hex/Ice        6%         N/A       41%         2
 Call Canine Familiar     Summ           3%         N/A       58%         3
 Frozen Ramparts          Ice            6%         1d2       58%         3
 Olgreb's Toxic Radiance  Pois           25%        N/A       32%         4
 Hailstorm                Conj/Ice       7%         3d4       83%         4
 Anguish                  Hex/Necr       1%         N/A       91%         4
 Agony                    Necr           3%         N/A       99%         5
 Excruciating Wounds      Necr           1%         N/A       99%         5
 Summon Hydra             Summ           1%         N/A       100%        7


Dungeon Overview and Level Annotations

Branches:
Dungeon (5/15)             Temple (1/1) D:4

Altars:
Ashenzari
Cheibriados
Elyvilon
Fedhas
Gozag
Hepliaklqana
Kikubaaqudgha
Makhleb
Nemelex Xobeh
Okawaru
Ru
Sif Muna
Trog
Uskayaw
Vehumet
Wu Jian
Xom
Yredelemnul
Zin


Innate Abilities, Weirdness & Mutations

You are a venomous arachnid creature.
You have poisonous fangs.
You are tiny and dextrous.
Your spellcasting is less reliable in this form.
Your armour is entirely melded.
You are incapable of wielding weapons or throwing items.
You cannot wear most types of armour.
((You are amphibious.))
You can wear up to eight rings at the same time.
((Your skin changes colour to match your surroundings (Stealth+).))
((Your rubbery body absorbs attacks. (AC +1, EV +1)))
((You are camouflaged when in or above water. (Stealth+)))
((You have tentacles for arms and can constrict up to eight enemies at once.))


Message History

Aim: an orc, wielding a +0 short sword and wearing a +0 leather armour Poisonous vapours surround the orc!
The orc is poisoned.
The orc barely misses you.
You closely miss the orc. You grab the orc.
The orc is lightly wounded.
You constrict the orc. The orc barely misses you.
You hit the orc but do no damage.
The orc looks even sicker.
You squeeze the orc.
You kill the orc!
Cheibriados thoroughly appreciates the change of pace.
You can now bend time to slow others.
Cheibriados raises the support of your attributes as your movement slows.
Casting: Poisonous Vapours (safe; 3% risk of failure)
Confirm with . or Enter, or press ? or * to list all spells.
Aiming: Poisonous Vapours (safe; 3% risk of failure)
Press: ? - help, Dir - move target, f - iguana
Aim: an iguana Poisonous vapours surround the iguana!
The iguana is poisoned.
The iguana bites you!
Casting: Poisonous Vapours (safe; 3% risk of failure)
Confirm with . or Enter, or press ? or * to list all spells.
You miscast Spider Form.
You are very lightly contaminated with residual magic.
Nothing appears to happen.
The iguana misses you.
Casting: Spider Form (dangerous; 7% risk of failure)
Confirm with . or Enter, or press ? or * to list all spells.
You turn into a venomous arachnid creature.
Your +2 dagger of venom melds into your body.
Your +2 dagger of venom stops dripping with poison.
The iguana completely misses you.
Unknown command.
The iguana barely misses you.
You hit the iguana but do no damage.
The iguana looks even sicker.
The iguana is moderately wounded.
The iguana bites you!
* * * LOW HITPOINT WARNING * * *
You hit the iguana but do no damage.
The iguana looks as sick as possible!
The iguana is heavily wounded.
The iguana bites you!
You die...

# #.# ###. #.# ....
#.# #..####>###
...##... # #.##)#
#. #..).#
#..###.##.#
#...sl.##.## #
.....######...##.#
.#########.#.#.....
..............###
########.#.#.##
#.......# #.......#
####.......#
#..........#


You could see an iguana (extremely poisoned).

Vanquished Creatures
  An ogre (D:4)
  2 scorpions (D:4)
  A water moccasin zombie (D:5)
  A water moccasin skeleton (D:5)
  A centaur zombie (D:5)
  A hound (D:5)
  2 jellies (D:4)
  3 orc priests
  An orc wizard (D:4)
  Robin (D:4)
  3 gnolls (D:4)
  6 adders
  An adder skeleton (D:4)
  5 worms
  3 dart slugs
  22 orcs
  8 ball pythons
  10 endoplasms
  9 giant cockroaches
  13 goblins
  8 hobgoblins
  2 quokkas
  7 bats
  3 frilled lizards (D:1)
  A jackal skeleton (D:4)
  7 kobolds
  7 rats
129 creatures vanquished.

Vanquished Creatures (others)
  3 fungi (D:2)
  4 plants (D:2)
7 creatures vanquished.

Grand Total: 136 creatures vanquished

Notes
Turn   | Place    | Note
-------+----------+-------------------------------------------
     0 | D:1      | Ijustatesigmund the Octopode Venom Mage began the quest for
                  | the Orb.
     0 | D:1      | Reached XP level 1. HP: 11/11 MP: 3/3
    80 | D:1      | Reached XP level 2. HP: 3/17 MP: 1/5
   349 | D:1      | Learned a level 2 spell: Poisonous Vapours
   775 | D:1      | Reached XP level 3. HP: 17/21 MP: 2/6
  1485 | D:2      | Learned a level 3 spell: Mephitic Cloud
  1565 | D:2      | Got Taniocs's Collected Works on Creative Contamination
  1944 | D:2      | Found a faded altar of an unknown god.
  1991 | D:2      | Reached skill level 1 in Air Magic
  1992 | D:2      | Reached XP level 4. HP: 24/27 MP: 7/7
  2863 | D:2      | HP: 1/27 [poisoned by an adder]
  3560 | D:3      | Reached XP level 5. HP: 27/32 MP: 9/9
  3823 | D:3      | Reached skill level 1 in Fighting
  3973 | D:3      | Found a basalt altar of Yredelemnul.
  4158 | D:4      | Noticed Robin
  4190 | D:4      | Killed Robin
  4368 | D:4      | Reached skill level 1 in Conjurations
  4371 | D:4      | Reached XP level 6. HP: 24/38 MP: 10/10
  4749 | D:4      | Reached skill level 5 in Poison Magic
  5212 | D:4      | Found a staircase to the Ecumenical Temple.
  5229 | Temple   | Entered the Ecumenical Temple
  5358 | Temple   | Became a worshipper of Cheibriados the Contemplative
  5408 | D:4      | Reached skill level 1 in Invocations
  5408 | D:4      | Reached XP level 7. HP: 43/43 MP: 11/11
  5850 | D:5      | Entered Level 5 of the Dungeon
  6085 | D:5      | Learned a level 3 spell: Spider Form
  6366 | D:5      | Reached skill level 5 in Stealth
  6376 | D:5      | Reached * piety under Cheibriados
  6385 | D:5      | Mangled by an iguana

Illustrated notes

Levels and vault maps discovered:
D:1:      minmay_arrival_stair_chambers, layout_basic
D:2:      layout_loops_ring, dreamdust_ecumenical_altar_grove,
          uniq_crazy_yiuf_cottage
D:3:      minmay_diamond_boxcup, layout_basic, mainiacjoe_overflow_cross_hatched
D:4:      layout_loops_ring, minmay_temple_entry_stoned_glass,
          kennysheep_small_spiral, uniq_robin
D:5:      layout_loops_ring
Temple:   compressed_dpeg_circular_temple

Skill      XL: |  1  2  3  4  5  6  7 |
---------------+----------------------+-----
Poison Magic   | 4 5 |  5.3
Air Magic      | 1 2 |  2.5
Transmutations | 2 3 |  3.1
Fighting       | 1 |  1.4
Spellcasting   | 3 |  3.1
Conjurations   | 1 2 |  2.0
Stealth        | 3 5 |  5.3
Invocations    | 1 3 |  3.3
Dodging        | 3 |  3.0

Action                   |  1- 3 |  4- 6 |  7- 9 || total
-------------------------+-------+-------+-------++-------
Melee: Unarmed           |    47 |       |     9 ||    56
       Constrict         |    18 |    28 |    17 ||    63
       Tentacles         |    10 |    34 |    17 ||    61
       Short sword       |     6 |    24 |       ||    30
       Punch             |     1 |     4 |       ||     5
       Dagger            |       |    97 |    57 ||   154
 Cast: Sting             |    30 |     2 |       ||    32
       Poisonous Vapours |     7 |    41 |    10 ||    58
       Mephitic Cloud    |       |     6 |     3 ||     9
       Spider Form       |       |       |     2 ||     2
Evoke: Wand              |       |       |     1 ||     1
  Use: Scroll            |     3 |     7 |       ||    10
 Stab: Sleeping          |     2 |    12 |     5 ||    19
       Confused          |       |     3 |     1 ||     4
       Paralysed         |       |       |     1 ||     1
Armor: Skin              |     6 |     3 |     2 ||    11
Dodge: Dodged            |    46 |    49 |    42 ||   137
